 Dungeon Crawl Stone Soup version 0.25-a0-886-gd7461d2276 (webtiles) character file.

Game seed: 12924919893189425165, levelgen mode: classic

1244 EnegeticOcto the Frost Mage (level 8, -1/58 HPs)
             Began as a Barachi Ice Elementalist on May 2, 2020.
             Shot with an arrow by a centaur (6 damage)
             ... on level 5 of the Dungeon.
             The game lasted 00:08:49 (4500 turns).

EnegeticOcto the Frost Mage (BaIE)                  Turns: 4500, Time: 00:08:50

Health: -1/58      AC:  3    Str: 10    XL:     8   Next: 50%
Magic:  3/11       EV: 12    Int: 18    God:
Gold:   343        SH:  0    Dex: 12    Spells: 3/11 levels left

rFire    . . .     SeeInvis .   d - +2 whip (elec)
rCold    . . .     Gourm    .   (no shield)
rNeg     . . .     Faith    +   a - +0 robe
rPois    .         Spirit   .   (no helmet)
rElec    .         Reflect  .   (no cloak)
rCorr    .         Harm     .   (no gloves)
MR       .....                  s - +0 pair of boots
Stlth    +.........             h - amulet of faith
HPRegen  0.19/turn              j - ring of attention (curse)
MPRegen  0.12/turn              (no ring)

@: very slightly contaminated, hasted, invisible, very quick
A: +LOS, swims, slowness 1, strong legs 1
a: Hop


You were on level 5 of the Dungeon.
You were not hungry.

You visited 1 branch of the dungeon, and saw 5 of its levels.

You collected 343 gold pieces.

Inventory:

Hand Weapons
 d - a +2 whip of electrocution (weapon)
 u - the +9 dagger of Tenacity {vamp, rN+ Int+4}
   (You found it on level 4 of the Dungeon)

   It inflicts no extra harm, but heals its wielder when it wounds a living foe.
   It affects your intelligence (+4).
   It protects you from negative energy.
 P - a +0 dagger of distortion
Missiles
 g - 13 poisoned darts (quivered)
Armour
 a - a +0 robe (worn)
 s - a +0 pair of boots (worn)
Jewellery
 h - an amulet of faith (around neck)
 j - a cursed ring of attention (left hand)
Wands
 l - a wand of iceblast (8) {@v2}
Scrolls
 b - 5 scrolls of teleportation {@r3 !r}
 k - a scroll of magic mapping {@r5 !r}
Potions
 c - a potion of flight
 f - a potion of magic
 i - a potion of degeneration {unknown}
 n - a potion of curing {unknown}
 p - a potion of heal wounds {unknown}
 v - a potion of cancellation {unknown}
Comestibles
 e - 8 rations


   Skills:
 - Level 3.0 Fighting
 - Level 4.0 Maces & Flails
 - Level 2.1 Dodging
 - Level 1.7 Stealth
 - Level 2.1 Spellcasting
 + Level 6.0 Summonings
 + Level 9.7 Ice Magic


You had 3 spell levels left.
You knew the following spells:

 Your Spells              Type           Power        Failure   Level  Hunger
a - Freeze                Ice            ####         1%          1    #......
b - Frozen Ramparts       Ice            #####.       1%          3    ###....
c - Summon Ice Beast      Ice/Summ       ####....     7%          4    #####..

Your spell library contained the following spells:

 Spells                   Type           Power        Failure   Level  Hunger
 Ozocubu's Armour         Chrm/Ice       ###.....     8%          3    ###....
 Hailstorm                Conj/Ice       ###.....     24%         4    #####..


Dungeon Overview and Level Annotations

Branches:
Dungeon (5/15)
 Temple: D:4-7

Altars:
Qazlal

Annotations:
D:5 Ijyb


Innate Abilities, Weirdness & Mutations

You can be seen from farther away. (+LOS)
You can swim through water.
You cover ground slowly.
You can hop short distances.


Message History

All of the chunks of flesh in your inventory have rotted away.
What are your orders? t - Ribbit!
Orders for allies: a - Attack new target. r - Retreat! s - Stop attacking. g - Guard the area. f - Follow me.
Anything else - Cancel.
Gang up on whom?
Press: ? - help, Dir - move target cursor, f - Grinder
Aim: Grinder Attack!
You feel sick.
Grinder completely misses your ice beast.
Grinder hits your ice beast!
Your ice beast writhes in agony.
Your ice beast hits Grinder.
Your ice beast freezes Grinder.
Grinder resists.
Your ice beast closely misses Grinder.
Grinder gestures at you.
Your ice beast suddenly stops moving!
Your ice beast barely misses Grinder.
Grinder hits your ice beast.
Your ice beast writhes in agony.
Okay, then.
Press: ? - help, v - describe, . - travel
Here: Grinder (lightly wounded)
The floor.
You feel sick.
Your ice beast barely misses Grinder.
Grinder gestures at you.
Your ice beast writhes in agony!
Your ice beast dies!
Casting: Summon Ice Beast (dangerous; 8% risk of failure)
Confirm with . or Enter, or press ? or * to list all spells.
You don't know that spell.
Casting: Summon Ice Beast (dangerous; 8% risk of failure)
Confirm with . or Enter, or press ? or * to list all spells.
A chill wind blows around you.
You are feeling hungry.
Your ice beast hits Grinder.
Your ice beast freezes Grinder.
Grinder resists.
Grinder gestures at you.
You struggle to resist.
Grinder hits your ice beast!
Your ice beast writhes in agony.
Your ice beast hits Grinder but does no damage.
Your ice beast hits Grinder.
Your ice beast freezes Grinder.
Grinder resists.
You feel sick.
You are no longer poisoned.
Grinder barely misses your ice beast.
Your ice beast closely misses Grinder.
Your ice beast hits Grinder but does no damage.
Grinder hits you.
You writhe in agony.
Your ice beast hits Grinder.
Your ice beast freezes Grinder.
Grinder resists.
Your ice beast hits Grinder.
Your ice beast freezes Grinder.
Grinder resists.
You closely miss Grinder.
Grinder is severely wounded.
Grinder hits you.
You writhe in agony.
Your ice beast closely misses Grinder.
Your ice beast hits Grinder.
Your ice beast freezes Grinder.
Grinder resists.
You hit Grinder. Lightning courses through Grinder!
You kill Grinder!
Your Summonings skill increases to level 6!
You swap places.
i - a glowing grey potion
There is an open door, spattered with blood here.
You see here an adder corpse.
Your ice beast disappears in a puff of smoke!
Your ice beast disappears in a puff of smoke!
You butcher the adder corpse.
m - a chunk of flesh
There is an open door, spattered with blood here.
You see here an adder skeleton.
There is an open door, spattered with blood here.
You see here an adder skeleton.
Eating a chunk of flesh.
You eat the chunk of flesh.
This raw flesh tastes terrible.
Found an escape hatch in the floor.
Found a stone staircase leading down.
You now have 343 gold pieces (gained 12).
A centaur comes into view.
The centaur shouts!
The centaur wields a +2 shortbow of freezing.
It is covered in frost.
The centaur shoots an arrow.
The arrow hits you! The arrow freezes you.
You see here an arrow.
A centaur is nearby!
Casting: Summon Ice Beast (dangerous; 7% risk of failure)
Confirm with . or Enter, or press ? or * to list all spells.
You miscast Summon Ice Beast.
You are very lightly contaminated with residual magic.
Nothing appears to happen.
The centaur shoots an arrow.
The arrow hits you! The arrow freezes you.
Casting: Summon Ice Beast (dangerous; 7% risk of failure)
Confirm with . or Enter, or press ? or * to list all spells.
A chill wind blows around you.
The centaur shoots an arrow.
The arrow hits you! The arrow freezes you.
Ijyb the Twisted Goblin comes into view.
She is wielding a +1 vampiric dagger and carrying a wand of acid (9).
The centaur shoots an arrow.
The arrow hits you!
* * * LOW HITPOINT WARNING * * *
The arrow freezes you.
* * * LOW HITPOINT WARNING * * *
The centaur shoots an arrow.
The arrow barely misses you.
Ijyb shouts!
You see here 2 arrows.
You fade into invisibility!
The centaur shoots an arrow.
The arrow barely misses you.
It was a potion of haste.
You feel yourself speed up.
The centaur shoots an arrow.
The arrow hits you.
You die...

#c........
#....g.... #
#.......... ###
#........>.# #..
#..........# #..
#..........+ #..
#.Y........# #..
#(.........# #<.
#@.........######.
#...............#.
#...............+.
#..........##รท###.
#......(...#......
##..##.....#.....#
##..##.....#.....#
#.......>..#.....'
#..........#.....#


You could see Ijyb, a centaur and a friendly ice beast.

Vanquished Creatures
  Grinder (D:5)
  Sigmund (D:3)
  Purgy (D:3)
  A sky beast (D:5)
  An ice beast (D:5)
  An ogre (D:4)
  A bullfrog (D:3)
  Blork the orc (D:5)
  2 crimson imps
  Jessica (D:2)
  Natasha (thrice) (D:3)
  A centaur skeleton (D:3)
  2 iguanas
  A worker ant (D:4)
  A hound skeleton (D:3)
  A worker ant zombie (D:3)
  9 adders
  4 gnolls (D:2)
  An adder zombie (D:3)
  A worm (D:4)
  2 dart slugs
  2 leopard geckos (D:2)
  13 orcs
  A ball python (D:1)
  4 giant cockroaches
  11 goblins
  3 hobgoblins
  4 quokkas
  11 bats
  5 frilled lizards
  7 kobolds
  9 rats
107 creatures vanquished.

Notes
Turn   | Place    | Note
-------+----------+-------------------------------------------
     0 | D:1      | EnegeticOcto the Barachi Ice Elementalist began the quest
                  | for the Orb.
     0 | D:1      | Reached XP level 1. HP: 13/13 MP: 3/3
    55 | D:1      | Reached skill level 5 in Ice Magic
   125 | D:1      | Reached XP level 2. HP: 19/19 MP: 5/5
   781 | D:1      | Reached skill level 6 in Ice Magic
   781 | D:1      | Reached XP level 3. HP: 24/24 MP: 6/6
  1038 | D:2      | Learned a level 3 spell: Frozen Ramparts
  1148 | D:2      | Reached XP level 4. HP: 29/30 MP: 4/7
  1192 | D:2      | Noticed Jessica
  1194 | D:2      | Reached skill level 7 in Ice Magic
  1201 | D:2      | Killed Jessica
  1346 | D:2      | Reached XP level 5. HP: 32/35 MP: 4/8
  1537 | D:2      | Learned a level 4 spell: Summon Ice Beast
  1968 | D:3      | Reached skill level 1 in Fighting
  2022 | D:3      | Reached skill level 1 in Summonings
  2113 | D:3      | Found a faded altar of an unknown god.
  2123 | D:3      | Reached XP level 6. HP: 41/44 MP: 5/9
  2168 | D:3      | Reached skill level 1 in Maces & Flails
  2228 | D:3      | Found a stormy altar of Qazlal.
  2439 | D:3      | Noticed Purgy
  2444 | D:3      | Killed Purgy
  2444 | D:3      | Reached skill level 8 in Ice Magic
  2588 | D:3      | Noticed Natasha
  2594 | D:3      | Killed Natasha
  2896 | D:3      | Reached XP level 7. HP: 52/52 MP: 6/10
  3047 | D:3      | Noticed Sigmund
  3051 | D:3      | Killed Sigmund
  3169 | D:3      | Noticed Natasha
  3176 | D:3      | Killed Natasha
  3230 | D:3      | Noticed Natasha
  3236 | D:3      | Killed Natasha
  3577 | D:4      | Got a twisted dagger
  3578 | D:4      | Identified the +9 dagger of Tenacity {vamp, rN+ Int+4} (You
                  | found it on level 4 of the Dungeon)
  3643 | D:4      | Reached XP level 8. HP: 43/58 MP: 7/11
  4096 | D:5      | Entered Level 5 of the Dungeon
  4147 | D:5      | Noticed Blork the orc
  4156 | D:5      | Reached skill level 9 in Ice Magic
  4160 | D:5      | Killed Blork the orc
  4244 | D:5      | Reached skill level 5 in Summonings
  4367 | D:5      | Noticed Grinder
  4388 | D:5      | Killed Grinder
  4497 | D:5      | Noticed Ijyb
  4500 | D:5      | Shot with an arrow by a centaur

Levels and vault maps discovered:
D:1:      lemuel_arrival_rhombus, layout_basic
D:2:      layout_rooms, uniq_jessica
D:3:      layout_basic, lemuel_round_altar, serial_undead, serial_undead_c,
          serial_undead_f, serial_undead_e, serial_undead_e, serial_undead_e,
          chequers_ecumenical_altar_simple_redux, kennysheep_path_1,
          uniq_natasha, uniq_purgy, uniq_sigmund
D:4:      layout_loops_ring, first_ration, minmay_misc_feat_alley
D:5:      layout_gridville, st_stairs_5, minivault_23, uniq_blork_the_orc,
          uniq_ijyb, uniq_grinder

Skill      XL: |  1  2  3  4  5  6  7  8 |
---------------+-------------------------+-----
Ice Magic      | 5 6 7 8 9 |  9.7
Fighting       | 2 3 |  3.0
Summonings     | 2 4 6 |  6.0
Maces & Flails | 2 3 4 |  4.0
Dodging        | |  2.1
Stealth        | |  1.7
Spellcasting   | |  2.1

Action                   |  1- 3 |  4- 6 |  7- 9 || total
-------------------------+-------+-------+-------++-------
Melee: Whip              |    61 |    72 |    41 ||   174
Throw: Dart              |       |     1 |     7 ||     8
 Cast: Freeze            |    18 |    16 |     5 ||    39
       Frozen Ramparts   |     2 |    16 |    12 ||    30
       Summon Ice Beast  |       |       |     4 ||     4
 Abil: Hop               |     1 |       |       ||     1
  Use: Scroll            |       |     2 |     6 ||     8
       Potion            |       |       |     2 ||     2
 Stab: Distracted        |       |       |     1 ||     1
  Eat: Chunk             |     2 |     7 |     8 ||    17
Armor: Robe              |    25 |    25 |     9 ||    59
Dodge: Dodged            |    63 |    66 |    28 ||   157

Table legend:
 A = Non-vault XP
 B = Vault XP
 C = Vault XP percentage of total XP
 D = Non-vault monster count
 E = Vault monster count
 F = Vault count percentage of total count
                 A         B        C        D         E       F
            +---------+---------+-------+---------+---------+-------
      Total |    1042 |     736 |  41.4 |      97 |      10 |   9.3
            +---------+---------+-------+---------+---------+-------
        D:1 |      39 |       0 |   0.0 |      24 |       0 |   0.0
        D:2 |     110 |      37 |  25.2 |      21 |       1 |   4.5
        D:3 |     326 |     476 |  59.4 |      35 |       7 |  16.7
        D:4 |     216 |       0 |   0.0 |       7 |       0 |   0.0
        D:5 |     351 |     223 |  38.9 |      10 |       2 |  16.7
            +---------+---------+-------+---------+---------+-------
